AoeStats
← baophule

Arabia

503579573Analyzed
1v1 RM · 1mo ago on Sep 1, 2026· 48m 37s· 2 players
Game mode
Random Map
Map size
Tiny (2 player)
Population
200
Speed
Normal
Resources
Standard
Victory
Conquest
Starting age
Dark Age
Ending age
Imperial Age
RankedLock teamsTeams togetherTeam positionsShared explorationLock speedFull tech treeHidden civsTurbo modeCheats
Victory
Defeat
🇰🇷 Georgians · South Korea
1186
+15
🇻🇳 Mongols · Vietnam
1166
-15
baophule
8:18 Loom
10:21 Feudal Age
15:34 Double-Bit Axe
17:21 Fletching
23:14 Castle Age
22:14 Horse Collar
24:13 Husbandry
24:24 Bloodlines
24:18 Bodkin Arrow
28:14 Thumb Ring
29:20 Scale Barding Armor
29:53 Padded Archer Armor
30:43 Bow Saw
45:09 Imperial Age
43:22 Gold Mining
43:22 Stone Mining
44:11 Ballistics
43:51 Elite Skirmisher
45:31 Leather Archer Armor
46:07 Bracer
GOOGOO
5:55 Loom
8:37 Feudal Age
9:18 Double-Bit Axe
12:10 Horse Collar
15:02 Fletching
17:47 Padded Archer Armor
22:58 Castle Age
21:49 Bloodlines
23:45 Bodkin Arrow
24:13 Bow Saw
23:26 Elite Skirmisher
25:04 Leather Archer Armor
28:04 Gold Mining
28:56 Husbandry
30:06 Wheelbarrow
30:16 Ballistics
38:25 Imperial Age
39:41 Bracer
40:32 Scale Barding Armor
41:00 Conscription
41:45 Chemistry
43:55 Light Cavalry
44:41 Scale Barding Armor
45:22 Parthian Tactics
46:35 Chain Barding Armor
45:55 Hussar
46:36 Scale Mail Armor
47:12 Forging
47:20 Hand Cart
48:08 Heavy Plow
48:14 Heavy Cavalry Archer
Connection lost

Rejoining the realm…

Still unreachable

The connection could not be restored.

Session expired

The server has moved on; the page needs a fresh start.